 Dungeon Crawl Stone Soup version 0.25.1-2-g60ff931df9 (webtiles) character file.

Game seed: 11707942919066184649

2304 funkygono the Destroyer (level 9, -5/59 HPs)
             Began as a Demonspawn Conjurer on Nov 1, 2020.
             Was an Initiate of Sif Muna.
             Engulfed by a cloud of freezing vapour (15 damage)
             ... on level 6 of the Dungeon.
             The game lasted 00:15:17 (8098 turns).

funkygono the Destroyer (Demonspawn Conjurer)       Turns: 8098, Time: 00:15:18

Health: -5/59      AC:  5    Str:  8    XL:     9   Next: 18%
Magic:  20/20      EV: 14    Int: 20    God:    Sif Muna [......]
Gold:   274        SH:  0    Dex: 22    Spells: 17/23 levels left

rFire    + . .     SeeInvis .   e - +2 dagger (venom)
rCold    . . .     Gourm    .   (no shield)
rNeg     . . .     Faith    .   x - +0 robe {MR+}
rPois    .         Spirit   .   (no helmet)
rElec    .         Reflect  .   z - +0 cloak (curse)
rCorr    .         Harm     .   j - +1 pair of gloves
MR       +....                  (no boots)
Stlth    +++.......             (no amulet)
HPRegen  0.19/turn              k - ring of protection from fire
MPRegen  0.17/turn              u - +6 ring of dexterity

@: no status effects
A: hooves 2, thin skeletal structure 1, foul stench 1, rot immunity
a: Renounce Religion


You were on level 6 of the Dungeon.
You worshipped Sif Muna.
Sif Muna was noncommittal.
You were hungry.

You visited 2 branches of the dungeon, and saw 7 of its levels.

You collected 274 gold pieces.

Inventory:

Hand Weapons
 e - a +2 dagger of venom (weapon)
 t - a +0 whip of freezing
 y - a +3 quarterstaff of chaos
Missiles
 b - 189 stones (quivered)
Armour
 j - a +1 pair of gloves (worn)
 x - a +0 robe of magic resistance (worn)
 z - a cursed +0 cloak (worn)
Jewellery
 d - an uncursed ring of fire
 i - an uncursed ring of resist corrosion
 k - a ring of protection from fire (left hand)
 o - an uncursed ring of wizardry
 u - a +6 ring of dexterity (right hand)
 v - an uncursed ring of poison resistance
Wands
 w - a wand of paralysis (7)
Scrolls
 a - a scroll of identify
 f - 7 scrolls of teleportation
 p - a scroll of fog {unknown}
 r - a scroll of blinking
Potions
 g - a potion of cancellation
 h - a potion of might
 l - a potion of magic {unknown}
 m - 2 potions of heal wounds
 n - 2 potions of brilliance
 q - 3 potions of curing
 s - a potion of flight {unknown}
 A - a potion of haste {unknown}
Comestibles
 c - 14 rations


   Skills:
 + Level 1.1 Fighting
 + Level 2.0 Short Blades
 + Level 2.7 Dodging
 - Level 1.7 Stealth
 + Level 7.6 Spellcasting
 + Level 9.4 Conjurations


You had 17 spell levels left.
You knew the following spells:

 Your Spells              Type           Power        Failure   Level  Hunger
a - Magic Dart            Conj           ####         1%          1    None
b - Searing Ray           Conj           #####.       1%          2    None
c - Dazzling Flash        Conj/Hex       ####..       3%          3    None

Your spell library contained the following spells:

 Spells                   Type           Power        Failure   Level  Hunger
 Fulminant Prism          Conj/Hex       ####......   13%         4    ###....
 Iskenderun's Mystic Bla  Conj/Tloc      ####....     13%         4    ###....


Dungeon Overview and Level Annotations

Branches:
Dungeon (6/15)             Temple (1/1) D:6

Altars:
Ashenzari
Cheibriados
Fedhas
Gozag
Kikubaaqudgha
Makhleb
Nemelex Xobeh
Qazlal
Ru
Sif Muna
Trog
Uskayaw
Vehumet
Xom
Zin
The Shining One


Innate Abilities, Weirdness & Mutations

You have hoof-like feet.
You have a somewhat thin skeletal structure. (Dex +2, Stealth)
You may emit foul miasma when damaged in melee.
You are immune to rotting.


Message History

b - 186 stones (gained 1)
b - 187 stones (gained 1)
You now have 274 gold pieces (gained 13).
b - 188 stones (gained 1)
b - 189 stones (gained 1)
There is an open translucent gate here.
You open the door.
There is an open door here.
Partly explored, can't reach some items.
Unknown command.
Press: ? - help, v - describe, . - travel The floor.
There is a cloud of freezing vapour here.
Really walk into a travel-excluded area?
You are engulfed in freezing vapours.
You are engulfed in freezing vapours.
You are engulfed in freezing vapours.
* * * LOW HITPOINT WARNING * * *
You are engulfed in freezing vapours.
You die...

........# #.# #..............#
........# #.# #............>.#
.......<####.#####...........##..
###.............##>.........####.
###.########...................
#.## ##.##...........##..
##..########.##...............
###'##################>.......
##...☼○○○○○○○@§§§§§§.#.#....##
####################§#........
##?%$[$§§§§§§§§○○○○○○#........
######################........
#############.####............
#...##.................
#.#..###...............
#.##.###...............
#.##..##...............


There were no monsters in sight!

Vanquished Creatures
  Pikel (D:5)
  The ghost of MajorAdolf the Covert, a novice NaWn (D:6)
  Menkaure (D:6)
  An ice beast (D:5)
  A black bear (D:6)
  A slave (D:5)
  2 sky beasts
  2 phantoms (D:6)
  A centaur (D:6)
  A scorpion (D:5)
  2 crimson imps
  2 jellies
  A centaur zombie (D:5)
  2 quasits
  2 bullfrog skeletons (D:5)
  An orc priest (D:5)
  Crazy Yiuf (D:6)
  An iguana (D:5)
  An orc wizard (D:4)
  2 worker ants
  A hound zombie (D:3)
  7 gnolls (D:5)
  5 adders
  2 shadow imps
  An ooze (D:1)
  An adder skeleton (D:4)
  3 worms
  2 dart slugs
  6 leopard geckos
  12 orcs
  10 bats
  6 giant cockroaches
  12 goblins
  11 hobgoblins
  6 jackals
  8 kobolds
  A quokka (D:3)
  3 frilled lizards
  A jackal zombie (D:5)
  A leopard gecko zombie (D:6)
  A quokka skeleton (D:5)
  7 rats
134 creatures vanquished.

Vanquished Creatures (others)
  A wizard (D:6)
  A worker ant zombie (D:5)
  2 orcs (D:5)
4 creatures vanquished.

Grand Total: 138 creatures vanquished

Notes
Turn   | Place    | Note
-------+----------+-------------------------------------------
     0 | D:1      | funkygono the Demonspawn Conjurer began the quest for the
                  | Orb.
     0 | D:1      | Reached XP level 1. HP: 13/13 MP: 3/3
   507 | D:1      | Gained mutation: You have a somewhat thin skeletal
                  | structure. (Dex +2, Stealth) [demonic ancestry]
   507 | D:1      | Reached XP level 2. HP: 19/19 MP: 1/5
   521 | D:1      | Learned a level 2 spell: Searing Ray
  1041 | D:1      | Gained mutation: You are immune to rotting. [demonic
                  | ancestry]
  1041 | D:1      | Reached XP level 3. HP: 19/24 MP: 0/6
  2305 | D:3      | Gained mutation: You have large cloven feet. [demonic
                  | ancestry]
  2305 | D:3      | Reached XP level 4. HP: 29/30 MP: 0/8
  2870 | D:3      | Found a glowing silver altar of Zin.
  2980 | D:3      | Found a shattered altar of Ashenzari.
  3026 | D:3      | Reached skill level 5 in Conjurations
  3129 | D:3      | Reached skill level 1 in Short Blades
  3750 | D:3      | Learned a level 3 spell: Dazzling Flash
  4105 | D:4      | Reached XP level 5. HP: 36/36 MP: 7/9
  4771 | D:4      | Found a sacrificial altar of Ru.
  4771 | D:4      | Found an opulent altar of Gozag.
  4772 | D:4      | Found a hide-covered altar of Uskayaw.
  4775 | D:4      | Found a shimmering altar of Xom.
  5045 | D:5      | Entered Level 5 of the Dungeon
  5241 | D:5      | Reached XP level 6. HP: 42/42 MP: 7/12
  5418 | D:5      | Noticed an ice beast
  5426 | D:5      | Killed an ice beast
  5426 | D:5      | Reached skill level 6 in Conjurations
  5640 | D:5      | Noticed a sky beast
  5647 | D:5      | Killed a sky beast
  5647 | D:5      | Reached XP level 7. HP: 29/47 MP: 3/14
  6079 | D:5      | Reached skill level 5 in Spellcasting
  6304 | D:5      | Found a stormy altar of Qazlal.
  6311 | D:5      | Reached skill level 7 in Conjurations
  6428 | D:5      | Noticed Pikel
  6443 | D:5      | Killed Pikel
  6443 | D:5      | Gained mutation: You have hoof-like feet. [demonic
                  | ancestry]
  6443 | D:5      | Reached XP level 8. HP: 35/53 MP: 4/17
  6744 | D:6      | Noticed Menkaure
  6751 | D:6      | Killed Menkaure
  6751 | D:6      | Reached skill level 1 in Fighting
  6751 | D:6      | Reached skill level 8 in Conjurations
  7002 | D:6      | Found a staircase to the Ecumenical Temple.
  7021 | Temple   | Entered the Ecumenical Temple
  7182 | Temple   | Became a worshipper of Sif Muna the Loreminder
  7449 | D:6      | Reached skill level 9 in Conjurations
  7654 | D:6      | Found a bloodstained altar of Trog.
  7655 | D:6      | Noticed a wizard
  7661 | D:6      | Killed a wizard
  7743 | D:6      | Found a runed translucent door.
  7744 | D:6      | Noticed Crazy Yiuf
  7749 | D:6      | Killed Crazy Yiuf
  7749 | D:6      | Gained mutation: You may emit foul miasma when damaged in
                  | melee. [demonic ancestry]
  7749 | D:6      | Reached XP level 9. HP: 59/59 MP: 16/19
  7907 | D:6      | Found a runed translucent gate.
  7907 | D:6      | Found a runed translucent gate.
  7907 | D:6      | Found a runed translucent gate.
  7907 | D:6      | Noticed MajorAdolf's ghost (novice NaWn)
  7923 | D:6      | Killed MajorAdolf's ghost
  8098 | D:6      | Engulfed by a cloud of freezing vapour

Illustrated notes

Levels and vault maps discovered:
D:1:      dpeg_arrival_rooms_b, layout_loops_ring, hangedman_decor_riveting,
          st_stairs_6
D:2:      layout_rooms, hex_medium, chequers_serial_rivers_micro_c
D:3:      cheibrodos_greedy_goblins, layout_loops_corners, zin_scriptorium,
          lemuel_round_altar, chequers_serial_rivers_large_b
D:4:      layout_layer_cave, minitemple, first_ration
D:5:      layout_basic, nicolae_qazlal_eye_of_the_storm,
          minmay_tree_intersection, uniq_pikel
D:6:      lemuel_ice_spiral_2, layout_rooms, minmay_temple_entry_junction_2,
          ebering_ghost_rock_garden, trog_wizard, uniq_crazy_yiuf_cottage,
          uniq_menkaure
Temple:   nicolae_temple_figure_zero

Skill      XL: |  1  2  3  4  5  6  7  8  9 |
---------------+----------------------------+-----
Dodging        | 2 |  2.7
Conjurations   | 5 6 7 9 |  9.4
Spellcasting   | 3 4 6 7 |  7.6
Short Blades   | 1 2 |  2.0
Fighting       | 1 |  1.1
Stealth        | |  1.7

Action                   |  1- 3 |  4- 6 |  7- 9 || total
-------------------------+-------+-------+-------++-------
Melee: Short sword       |     8 |       |       ||     8
       Unarmed           |     3 |       |       ||     3
       Dagger            |    18 |    21 |     9 ||    48
       Kick              |       |     8 |     3 ||    11
 Cast: Magic Dart        |    75 |    67 |    57 ||   199
       Searing Ray       |     4 |    21 |    31 ||    56
  Use: Scroll            |     4 |     3 |     3 ||    10
       Potion            |       |       |     1 ||     1
  Eat: Chunk             |     5 |    11 |     7 ||    23
Armor: Robe              |     4 |     3 |     4 ||    11
Dodge: Dodged            |    24 |    22 |    17 ||    63
